AoeStats
← DichterAnwal

Lombardia

507953758Analyzed
4v4 RM · 13d ago on Sep 20, 2026· 52m 43s· 8 players
Game mode
Random Map
Map size
Large (8 player)
Population
200
Speed
Normal
Resources
Standard
Victory
Conquest
Starting age
Dark Age
Ending age
Imperial Age
RankedLock teamsTeams togetherTeam positionsShared explorationLock speedFull tech treeHidden civsTurbo modeCheats
Victory
Defeat
🇭🇰 Slavs · Hong Kong SAR China
989
+14
🇩🇪 Burgundians · Germany
966
+15
🇨🇳 Mongols · China
849
+20
🇩🇪 Byzantines · Germany
828
+22
🇦🇺 Franks · Australia
983
-19
🇭🇰 Bulgarians · Hong Kong SAR China
971
-19
🇦🇺 Mongols · Australia
927
-17
🇦🇺 Wei · Australia
900
-16
PapaHewy
10:00 Feudal Age
10:43 Horse Collar
10:50 Double-Bit Axe
18:07 Castle Age
19:41 Bow Saw
19:49 Heavy Plow
20:25 Bloodlines
20:36 Stone Mining
21:16 Fletching
25:12 Bodkin Arrow
28:06 Gold Mining
33:25 Imperial Age
34:20 Ballistics
34:01 Murder Holes
34:34 Bracer
34:37 Husbandry
36:34 Chemistry
35:01 Elite Mangudai
37:25 Thumb Ring
37:13 Light Cavalry
39:17 Wheelbarrow
39:35 Hussar
43:52 Scale Barding Armor
43:58 Forging
46:55 Iron Casting
46:41 Chain Barding Armor
51:14 Conscription
Konig
13:12 Feudal Age
15:57 Loom
16:31 Horse Collar
19:02 Castle Age
17:40 Double-Bit Axe
18:36 Stone Mining
18:54 Gold Mining
23:14 Bow Saw
27:04 Town Watch
27:55 Wheelbarrow
31:55 Imperial Age
31:53 Forging
31:49 Scale Barding Armor
31:47 Heavy Plow
32:09 Hand Cart
32:54 Gold Shaft Mining
33:17 Iron Casting
33:41 Conscription
34:57 Blast Furnace
34:23 Caravan
35:04 Crop Rotation
35:23 Chain Barding Armor
35:15 Tuntian
35:52 Elite Tiger Cavalry
40:17 Ming Guang Armor
41:52 Town Patrol
42:40 Fletching
43:34 Bodkin Arrow
44:15 Bracer
45:50 Murder Holes
45:36 Treadmill Crane
47:01 Chemistry
47:38 Padded Archer Armor
48:55 Leather Archer Armor
49:54 Hoardings
老歪
0:33 Loom
11:28 Feudal Age
12:11 Double-Bit Axe
14:17 Wheelbarrow
16:31 Forging
21:25 Castle Age
22:34 Bow Saw
22:18 Stone Mining
22:34 Horse Collar
24:46 Hand Cart
25:32 Iron Casting
24:48 Pikeman
25:29 Squires
28:54 Fletching
29:45 Heavy Plow
30:24 Stone Shaft Mining
29:40 Gold Mining
37:51 Imperial Age
35:44 Bloodlines
35:35 Husbandry
36:49 Bodkin Arrow
37:01 Scale Barding Armor
37:22 Bloodlines
37:12 Husbandry
37:22 Murder Holes
37:48 Ballistics
38:48 Cavalier
41:41 Chain Barding Armor
44:16 Blast Furnace
45:23 Bracer
46:02 Plate Barding Armor
46:56 Conscription
47:29 Caravan
1021513861
12:23 Feudal Age
17:37 Castle Age
16:45 Double-Bit Axe
23:30 Bow Saw
23:53 Loom
25:12 Wheelbarrow
24:45 Gold Mining
26:00 Loom
26:15 Stone Mining
27:35 Town Watch
31:32 Imperial Age
29:48 Hand Cart
29:46 Husbandry
30:46 Gold Shaft Mining
30:37 Town Patrol
31:31 Scale Mail Armor
33:52 Chain Mail Armor
34:41 Cavalier
36:08 Plate Mail Armor
36:03 Crossbowman
36:34 Pikeman
38:20 #83
38:20 Scale Barding Armor
38:26 Forging
39:11 Paladin
40:16 Ballistics
40:11 Padded Archer Armor
41:04 Chain Barding Armor
41:23 Conscription
42:27 Plate Barding Armor
41:28 Halberdier
42:27 Fletching
45:24 Chivalry
50:09 Iron Casting
sandy
2:10 Loom
10:47 Feudal Age
12:40 Double-Bit Axe
12:38 Horse Collar
21:04 Castle Age
19:22 Stone Mining
19:38 Gold Mining
21:49 Heavy Plow
23:12 Bow Saw
23:26 Scale Barding Armor
23:32 Forging
28:26 Imperial Age
26:20 Pikeman
29:07 Squires
30:43 Wheelbarrow
33:12 Chain Barding Armor
33:28 Iron Casting
32:54 Scale Mail Armor
34:47 Hand Cart
34:37 Husbandry
35:15 Plate Barding Armor
34:03 Halberdier
36:19 Chemistry
35:41 Ballistics
38:12 Chain Mail Armor
37:48 Fletching
37:58 Padded Archer Armor
39:28 Elite Cataphract
40:12 Arson
42:18 Two-Man Saw
42:04 Logistica
42:26 Murder Holes
44:19 Caravan
45:47 Bodkin Arrow
46:22 Plate Mail Armor
46:08 Leather Archer Armor
49:59 Conscription
funball
7:13 Loom
9:47 Feudal Age
10:35 Horse Collar
10:46 Double-Bit Axe
15:12 Wheelbarrow
17:44 Castle Age
16:54 Gold Mining
18:53 Bow Saw
18:56 Heavy Plow
19:38 Scale Barding Armor
22:52 Gold Shaft Mining
27:13 Hand Cart
27:57 Town Watch
28:05 Stone Mining
29:22 Fletching
29:51 Padded Archer Armor
30:28 Ballistics
33:15 Imperial Age
31:30 Bloodlines
31:21 Husbandry
32:32 Bodkin Arrow
32:52 Leather Archer Armor
33:58 Fortified Wall
34:32 Parthian Tactics
34:12 Bracer
34:24 Forging
33:40 Heavy Camel Rider
36:07 Chemistry
35:49 Conscription
36:17 Stone Shaft Mining
36:21 Chain Barding Armor
36:23 Light Cavalry
37:23 Elite Mangudai
37:46 Hussar
39:40 Iron Casting
41:21 Blast Furnace
42:13 Caravan
43:54 Nomads
44:15 Siege Engineers
44:21 Masonry
DichterAnwal
10:24 Feudal Age
11:11 Double-Bit Axe
12:59 Wheelbarrow
13:05 Bow Saw
20:50 Castle Age
19:32 Horse Collar
20:18 Scale Mail Armor
20:30 Forging
20:28 Heavy Plow
22:06 Stone Mining
21:57 Pikeman
23:11 Hand Cart
24:21 Two-Man Saw
23:24 Arson
23:40 Squires
24:39 Stone Shaft Mining
26:50 Gold Mining
30:34 Crop Rotation
32:46 Gold Shaft Mining
35:03 Imperial Age
33:11 Scale Barding Armor
34:16 Burgundian Vineyards
35:27 Elite Skirmisher
38:23 Padded Archer Armor
44:41 Murder Holes
45:09 Ballistics
45:25 Halberdier
46:01 Fletching
48:02 Chain Barding Armor
47:58 Chain Mail Armor
48:19 Iron Casting
47:40 Bodkin Arrow
48:01 Leather Archer Armor
47:54 Halberdier
慈溪牛牛
10:48 Feudal Age
9:10 Loom
17:52 Castle Age
20:27 Horse Collar
23:07 Gold Mining
24:35 Double-Bit Axe
25:10 Man-at-Arms
26:05 Forging
25:55 Scale Mail Armor
29:47 Long Swordsman
31:05 Iron Casting
30:45 Chain Mail Armor
31:00 Bow Saw
31:25 Bloodlines
35:09 Imperial Age
33:24 Wheelbarrow
32:58 Heavy Plow
35:19 Squires
36:17 Hand Cart
37:53 Blast Furnace
37:08 Chain Mail Armor
36:18 Two-Handed Swordsman
37:27 Champion
40:12 Conscription
41:39 Plate Mail Armor
40:55 Elite Skirmisher
42:36 Hoardings
42:11 Pikeman
43:56 Two-Man Saw
45:09 Gold Shaft Mining
44:25 Stone Mining
46:33 Chemistry
50:19 Scale Barding Armor
50:35 Masonry
Connection lost

Rejoining the realm…

Still unreachable

The connection could not be restored.

Session expired

The server has moved on; the page needs a fresh start.